 Dungeon Crawl Stone Soup version 0.27-a0-1325-g58a489ad9e (webtiles) character file.

Game seed: 3385012019214784010

568 siradein the Slasher (level 7, -2/41 HPs)
             Began as a Gargoyle Fighter on June 25, 2021.
             Slain by a wyvern zombie (11 damage)
             ... on level 5 of the Dungeon.
             The game lasted 00:09:55 (5915 turns).

siradein the Slasher (Gargoyle Fighter)             Turns: 5915, Time: 00:09:56

Health: -2/41      AC: 16    Str: 22    XL:     7   Next: 33%
Magic:  7/7        EV:  4    Int:  8    God:
Gold:   192        SH:  9    Dex:  9    Spells: 6/6 levels left

rFire    . . .     SeeInvis .   s - +0 falchion (vorpal)
rCold    . . .     Faith    .   c - +0 kite shield
rNeg     + . .     Spirit   .   g - +0 plate armour
rPois    ∞         Reflect  .   (no helmet)
rElec    +         Harm     .   (no cloak)
rCorr    .         Rampage  .   (no gloves)
Will     +....                  (no boots)
Stlth    ..........             (no amulet)
HPRegen  0.13/turn              l - ring of willpower
MPRegen  0.10/turn              (no ring)

@: no status effects
A: sickness immunity, AC +4, negative energy resistance 1, electricity
resistance, torment resistance 1, petrification resistance
a: no special abilities


You were on level 5 of the Dungeon.
You visited 1 branch of the dungeon, and saw 5 of its levels.

You collected 192 gold pieces.

Inventory:

Hand Weapons
 s - a +0 vorpal falchion (weapon)
Armour
 c - a +0 kite shield (worn)
 g - a +0 plate armour (worn)
Jewellery
 a - an amulet of magic regeneration
 l - a ring of willpower (left hand)
 m - a ring of ice
Wands
 t - a wand of flame (22)
Scrolls
 e - a scroll of acquirement {unknown}
 f - a scroll of amnesia {unknown}
 h - a scroll of brand weapon {unknown}
 j - 4 scrolls of identify {unknown}
 k - a scroll of fog {unknown}
 n - 3 scrolls of noise {unknown}
 p - a scroll of teleportation {unknown}
 q - a scroll of enchant armour {unknown}
Potions
 b - 2 potions of curing {unknown}
 d - a potion of might
 i - a potion of flight {unknown}
 o - 2 potions of attraction {unknown}
 r - a potion of cancellation {unknown}


   Skills:
 - Level 3.2 Fighting
 + Level 7.2 Long Blades
 - Level 3.2 Armour
 - Level 3.2 Shields


You had 6 spell levels left.
You didn't know any spells.
Your spell library was empty.

Dungeon Overview and Level Annotations

Branches:
Dungeon (5/15)
 Temple: D:4-7

Altars:
Cheibriados

Annotations:
D:4 1 runed translucent door, Blork the orc, Crazy Yiuf


Innate Abilities, Weirdness & Mutations

You are immune to sickness and miasma.
Your stone body is resilient. (AC +4)
You are immune to poison.
You resist negative energy. (rN+)
You are resistant to electric shocks. (rElec)
You are resistant to unholy torment.
You are immune to petrification.


Message History

The orc warrior hits you with a +0 long sword!
* * * LOW HITPOINT WARNING * * *
You are too injured to fight recklessly!
The orc priest looks satisfied for a moment.
The orc priest calls upon Beogh to heal the orc warrior.
The orc warrior is healed somewhat.
You see here a hound corpse.
You see here a scorpion corpse.
The orc priest invokes the aid of Beogh against you.
Beogh smites you!
* * * LOW HITPOINT WARNING * * *
The orc priest calls upon Beogh to heal the orc warrior.
The orc warrior is healed somewhat.
The orc priest calls upon Beogh to heal the orc warrior.
The orc warrior's wounds heal themselves!
You see here a +0 spear.
Things that are here:
a +0 flail; a +0 whip; a +0 robe
There is an open door here.
The adder bites you but does no damage. You block the adder's attack.
There is a stone staircase leading down here.
The adder bites you but does no damage.
You climb downwards.
A wyvern zombie comes into view.
There is a stone staircase leading up here.
You barely miss the adder. You block the adder's attack.
The adder barely misses you. The wyvern zombie barely misses you.
You riposte.
You hit the wyvern zombie.
The wyvern zombie is lightly damaged.
You hit the adder.
The adder is moderately wounded.
The adder bites you but does no damage. The wyvern zombie barely misses you.
You riposte.
You completely miss the wyvern zombie.
The wyvern zombie is lightly damaged.
You slash the wyvern zombie!
The wyvern zombie is moderately damaged.
You block the adder's attack. You block the wyvern zombie's attack.
The adder bites you but does no damage. The wyvern zombie bites you!
You die...

#.. #..
#.# #.#
#.# #.#
..#####S#
......Z@#
#########


You could see an adder and a wyvern zombie.

Vanquished Creatures
  A phantom (D:4)
  A scorpion (D:4)
  A gnoll shaman (D:4)
  2 hounds (D:4)
  Natasha (thrice) (D:3)
  2 iguanas (D:4)
  8 gnolls
  3 adders
  3 worms (D:2)
  3 dart slugs
  3 orcs
  8 ball pythons
  9 endoplasms
  5 giant cockroaches
  5 goblins
  7 hobgoblins
  15 jackals
  A quokka (D:1)
  5 bats
  5 frilled lizards
  9 kobolds
  9 rats
108 creatures vanquished.

Notes
Turn   | Place    | Note
-------+----------+-------------------------------------------
     0 | D:1      | siradein the Gargoyle Fighter began the quest for the Orb.
     0 | D:1      | Reached XP level 1. HP: 14/14 MP: 1/1
    28 | D:1      | You fall into a shaft and drop 1 floor!
   219 | D:2      | Reached skill level 2 in Long Blades
   220 | D:2      | Found a snail-covered altar of Cheibriados.
   383 | D:2      | Reached XP level 2. HP: 17/19 MP: 2/2
   655 | D:1      | Found a faded altar of an unknown god.
   683 | D:1      | Reached skill level 3 in Long Blades
   683 | D:1      | Reached XP level 3. HP: 18/23 MP: 3/3
  1792 | D:2      | Reached XP level 4. HP: 21/28 MP: 4/4
  1976 | D:2      | Reached skill level 4 in Long Blades
  3002 | D:2      | You fall into a shaft and drop 2 floors!
  3017 | D:4      | Reached XP level 5. HP: 32/32 MP: 5/5
  3815 | D:3      | Reached skill level 5 in Long Blades
  3983 | D:3      | Noticed Natasha
  4019 | D:3      | Killed Natasha
  4283 | D:3      | Noticed Natasha
  4592 | D:3      | Killed Natasha
  4593 | D:3      | Reached XP level 6. HP: 37/37 MP: 6/6
  4624 | D:3      | Noticed Natasha
  4661 | D:3      | Killed Natasha
  4876 | D:4      | Reached skill level 6 in Long Blades
  5458 | D:4      | Reached XP level 7. HP: 34/41 MP: 7/7
  5637 | D:4      | Found a runed translucent door.
  5638 | D:4      | Noticed Crazy Yiuf
  5711 | D:4      | Reached skill level 7 in Long Blades
  5818 | D:4      | Noticed Blork the orc
  5912 | D:5      | Entered Level 5 of the Dungeon
  5915 | D:5      | Slain by a wyvern zombie

Illustrated notes

Levels and vault maps discovered:
D:1:      wheals_arrival_linesprint, layout_basic,
          hellmonk_ecumenical_altar_lost_god
D:2:      layout_basic, basic_altar
D:3:      layout_rooms, uniq_natasha
D:4:      layout_basic, uniq_crazy_yiuf_cottage, uniq_blork_the_orc
D:5:      layout_loops_cross, uniq_ijyb, uniq_edmund

Skill      XL: |  1  2  3  4  5  6  7 |
---------------+----------------------+-----
Long Blades    | 2 3 4 5 6 7 |  7.2
Fighting       | |  3.2
Armour         | |  3.2
Shields        | |  3.2

Action                   |  1- 3 |  4- 6 |  7- 9 || total
-------------------------+-------+-------+-------++-------
Melee: Long sword        |   100 |   317 |       ||   417
       Falchion          |       |    36 |    39 ||    75
       Unarmed           |       |     4 |       ||     4
Armor: Scale mail        |    24 |       |       ||    24
       Plate armour      |    32 |   299 |    31 ||   362
       Skin              |       |     6 |       ||     6
Dodge: Dodged            |    24 |    53 |    11 ||    88
Block: Kite shield       |    58 |   204 |    25 ||   287
       Rpst.: Long sword |     9 |    17 |       ||    26
       Falchion          |       |     1 |     4 ||     5

Table legend: (Time is in decaauts)
 A = Elapsed time spent in this place.
 B = Non-inter-level travel time spent in this place.
 C = Inter-level travel time spent in this place.
 D = Time resting spent in this place.
 E = Time spent auto-exploring this place.
 F = Levels seen in this place.
 G = Mean time per level.
                   A        B        C        D        E       F      G
               +--------+--------+--------+--------+--------+-----+--------+
         Total |   6108 |   5993 |    115 |    661 |   4111 |   5 | 1221.6 |
       Dungeon |   6108 |   5993 |    115 |    661 |   4111 |   5 | 1221.6 |
               +--------+--------+--------+--------+--------+-----+--------+

Top non-repeatable levels by time:
     D:2: 1977 daAuts
     D:1: 1788 daAuts
     D:4: 1242 daAuts
     D:3: 1097 daAuts
     D:5: 3 daAuts
